 Dungeon Crawl Stone Soup version 0.18.1-6-gd335043 (webtiles) character file.

296 Kenran the Chopper (level 6, -2/57 HPs)
             Began as a Hill Orc Fighter on May 16, 2016.
             Was an Initiate of Gozag.
             Slain by Duvessa
             ... wielding a +0 short sword
              (10 damage)
             ... on level 3 of the Dungeon.
             The game lasted 00:07:35 (2911 turns).

Kenran the Chopper (Hill Orc Fighter)               Turns: 2911, Time: 00:07:36

Health: -2/57      AC: 16    Str: 19    XL:     6   Next: 35%
Magic:  6/6        EV:  3    Int:  8    God:    Gozag
Gold:   114        SH:  9    Dex: 12    Spells: 0 memorised, 5 levels left

rFire  . . .     SeeInvis .     a - +0 war axe
rCold  . . .     Gourm    .     p - +0 plate armour
rNeg   . . .     Faith    .     c - +0 shield
rPois  .         Spirit   .     y - +2 helmet
rElec  .         Dismiss  .     t - +0 cloak
rCorr  .         Reflect  .     (no gloves)
SustAt .         Harm     .     h - +0 pair of boots
MR     .....                    (no amulet)
Stlth  ..........               (no ring)
                                (no ring)

@: not resistant to hostile enchantments, extremely unstealthy
A: no striking features
a: Potion Petition, Call Merchant, Bribe Branch, Renounce Religion


You were on level 3 of the Dungeon.
You worshipped Gozag.
Gozag was noncommittal.
You were not hungry.

You visited 1 branch of the dungeon, and saw 4 of its levels.

You collected 136 gold pieces.
You paid 22 gold pieces to Gozag.

Inventory:

Hand Weapons
 a - a +0 war axe (weapon)
Armour
 c - a +0 shield (worn)
 h - a +0 pair of boots (worn)
 p - a +0 plate armour (worn)
 t - a +0 cloak (worn)
 y - a +2 helmet (worn)
Wands
 b - a wand of polymorph (7/24)
Scrolls
 e - a scroll of teleportation
 g - 4 scrolls of identify
 z - a scroll of enchant weapon
Potions
 d - a potion of might
 i - 2 potions of curing {unknown}
 r - a potion of lignification {unknown}
 s - a potion of invisibility {unknown}
 v - a potion of degeneration {unknown}
 x - 2 potions of resistance {unknown}
Comestibles
 f - 4 bread rations


   Skills:
 + Level 5.8 Fighting
 - Level 7.0 Axes
 - Level 3.2 Armour
 - Level 3.2 Shields


You had 5 spell levels left.
You didn't know any spells.

Dungeon Overview and Level Annotations

Branches:
Dungeon (4/15)
 Temple: D:4-7

Altars:
Fedhas
Gozag
Okawaru
Ru
Trog
The Shining One

Annotations:
D:3 Duvessa


Message History

Duvessa hits you but does no damage. You block Duvessa's attack.
You hit Duvessa.
Duvessa is almost dead.
Duvessa hits you with a short sword.
* * * LOW HITPOINT WARNING * * *
Duvessa hits you but does no damage.
You closely miss Duvessa.
Duvessa is almost dead.
Duvessa hits you with a short sword.
* * * LOW HITPOINT WARNING * * *
You block Duvessa's attack.
You closely miss Duvessa.
Duvessa is almost dead.
Duvessa hits you with a short sword.
* * * LOW HITPOINT WARNING * * *
You hit Duvessa.
Duvessa is almost dead.
Duvessa hits you but does no damage. Duvessa hits you with a short sword!
You die...
Your body crumbles into a pile of gold.

..............#.....#....# #.....
..............#.....#....# #.....
........[.....#.....#..[.# #.....
...........(...#'####....# #.....
...............#.# ###### #.....
#.#.#<#.#.####...# #.....
#.#.###.#.# ##..#### #...b.
#.#.....#.#####[.e..# #.....
#'#######.....'.@...# ##.####
........#######.....# ##...##
........# #####.....### ##..b§.##
........# #...........# #....b§§#
........# #...........# #..._b§§#
........# #...........###...b§§§#
........###.............##...§.##
........#.+..............##...##
........#.#...........(..######


You could see Duvessa (berserk).

Vanquished Creatures
  Dowan (D:4)
  Crazy Yiuf (D:3)
  An orc priest (D:3)
  A giant frog skeleton (D:4)
  Robin (D:3)
  4 gnolls
  3 adders
  An adder skeleton (D:4)
  3 worms
  2 dart slugs
  A giant gecko (D:1)
  7 orcs (D:3)
  8 bats
  2 giant cockroaches (D:2)
  11 goblins
  8 hobgoblins
  4 kobolds
  2 giant newts
  4 rats
65 creatures vanquished.

Notes
Turn   | Place    | Note
--------------------------------------------------------------
     0 | D:1      | Kenran the Hill Orc Fighter began the quest for the Orb.
     0 | D:1      | Reached XP level 1. HP: 19/19 MP: 1/1
    78 | D:1      | Reached skill level 3 in Axes
   240 | D:1      | Reached XP level 2. HP: 21/26 MP: 2/2
   350 | D:1      | Reached skill level 4 in Axes
   603 | D:1      | Reached XP level 3. HP: 26/31 MP: 3/3
   936 | D:2      | Found a sacrificial altar of Ru.
  1035 | D:2      | Reached skill level 5 in Axes
  1102 | D:2      | Found a blossoming altar of Fedhas.
  1292 | D:2      | Reached XP level 4. HP: 35/39 MP: 4/4
  1468 | D:2      | Found a glowing golden altar of the Shining One.
  1523 | D:2      | Found a bloodstained altar of Trog.
  1524 | D:2      | Found an iron altar of Okawaru.
  1759 | D:3      | Reached skill level 6 in Axes
  1797 | D:3      | Noticed Crazy Yiuf
  1801 | D:3      | Killed Crazy Yiuf
  1801 | D:3      | Reached XP level 5. HP: 40/45 MP: 5/5
  2174 | D:3      | Reached skill level 7 in Axes
  2221 | D:3      | Noticed Robin
  2260 | D:3      | Killed Robin
  2415 | D:3      | Found an opulent altar of Gozag.
  2425 | D:3      | Became a worshipper of Gozag Ym Sagoz the Greedy
  2634 | D:4      | Noticed Duvessa
  2634 | D:4      | Noticed Dowan
  2865 | D:4      | Reached skill level 5 in Fighting
  2865 | D:4      | Reached XP level 6. HP: 52/56 MP: 6/6
  2898 | D:4      | Killed Dowan
  2911 | D:3      | Slain by Duvessa

Skill      XL: |  1  2  3  4  5 |
---------------+----------------+-----
Axes           | 3 4 5 6 7 |  7.0
Fighting       | 5 |  5.8
Armour         | |  3.2
Shields        | |  3.2

Action                   |  1- 3 |  4- 6 || total
-------------------------+-------+-------++-------
Melee: War axe           |   110 |   144 ||   254
  Use: Scroll            |       |     8 ||     8
  Eat: Chunk             |       |     5 ||     5
       Meat ration       |       |     1 ||     1
Armor: Scale mail        |    71 |       ||    71
       Plate armour      |       |    95 ||    95
Dodge: Dodged            |    51 |    12 ||    63
Block: Shield            |    94 |    74 ||   168
